| TOP OF THE 1ST |
|
Bowie Baysox batting - Pitching for Portland Sea Dogs : RHP Su-wu Yang
|
|
Pitching: RHP Su-wu Yang
|
|
|
Batting: RHB Alfredo Reguera
|
0-0: Called Strike 0-1: Swinging Strike 0-2: Strikes out swinging
|
|
Batting: RHB Daniel Jackson
|
0-0: Foul Ball, location: 2F 0-1: Ball 1-1: SINGLE (Groundball, 6MD, EV 100.6 MPH)
|
|
Batting: RHB Luke Vaccarino
|
Pickoff Throw to First - Out! 1-3 CS 0-0: Ball 1-0: Called Strike 1-1: Ball 2-1: SOLO HOME RUN (Flyball, 7LD, EV 101.9 MPH), Distance : 396 ft
|
|
Batting: RHB Jonathan Mendoza
|
0-0: Called Strike 0-1: Foul Ball, location: 2F 0-2: Ball 1-2: SINGLE (Line Drive, 78M, EV 100.6 MPH)
|
|
Batting: SHB Chris Wright
|
0-0: Ball 1-0: Ball 2-0: Foul Ball, location: 2F 2-1: Swinging Strike 2-2: Strikes out swinging
|
| Top of the 1st over - 1 run, 3 hits, 0 errors, 1 left on base; Bowie 1 - Portland 0 |
| BOTTOM OF THE 1ST |
|
Portland Sea Dogs batting - Pitching for Bowie Baysox : RHP Nick Hoag
|
|
Pitching: RHP Nick Hoag
|
|
|
Batting: RHB Sal Rivera
|
0-0: Ball 1-0: Swinging Strike 1-1: Bunt missed! 1-2: Ball 2-2: Foul Ball, location: 2F 2-2: Ball 3-2: Ground out 5-3 (Groundball, 56, EV 105.0 MPH)
|
|
Batting: RHB Travis Campbell
|
0-0: Called Strike 0-1: Foul Ball, location: 2F 0-2: Ball 1-2: Ground out 4-3 (Groundball, 4, EV 88.1 MPH)
|
|
Batting: RHB Tony Nunez
|
0-0: Called Strike 0-1: Ball 1-1: Ball 2-1: Foul Ball, location: 2F 2-2: Foul Ball, location: 2F 2-2: DOUBLE (Line Drive, 7LM, EV 110.0 MPH)
|
|
Batting: RHB Ernie Genier
|
0-0: Ball 1-0: Called Strike 1-1: Fly out, F7 (Line Drive, 7S, EV 107.5 MPH)
|
| Bottom of the 1st over - 0 runs, 1 hit, 0 errors, 1 left on base; Bowie 1 - Portland 0 |
| TOP OF THE 2ND |
|
Bowie Baysox batting - Pitching for Portland Sea Dogs : RHP Su-wu Yang
|
|
Batting: RHB Joe Young
|
0-0: Ball 1-0: Ball 2-0: SINGLE (Groundball, 56D, EV 95.6 MPH)
|
|
Batting: RHB Josh Hopp
|
0-0: Called Strike 0-1: Foul Ball, location: 2F 0-2: Foul Ball, location: 2F 0-2: Ball 1-2: Ground out 6-3 (Groundball, 6, EV 80.0 MPH) Joe Young to second
|
|
Batting: RHB Wil Ochoa
|
0-0: Called Strike Joe Young steals 3rd base 0-1: Fly out, F8 (Flyball, 8LD, EV 103.1 MPH) Runner from 3rd tags up, SCORES, throw by CF
|
|
Batting: RHB Honório Szenes
|
0-0: Foul Ball, location: 2F 0-1: Called Strike 0-2: Ball 1-2: Foul Ball, location: 2F 1-2: Ball 2-2: Ball 3-2: Foul Ball, location: 2F 3-2: Base on Balls
|
|
Batting: RHB Alfredo Reguera
|
0-0: Ball 1-0: Called Strike 1-1: Called Strike 1-2: Strikes out swinging
|
| Top of the 2nd over - 1 run, 1 hit, 0 errors, 1 left on base; Bowie 2 - Portland 0 |
| BOTTOM OF THE 2ND |
|
Portland Sea Dogs batting - Pitching for Bowie Baysox : RHP Nick Hoag
|
|
Batting: RHB Alex Melendez
|
0-0: Called Strike 0-1: Ball 1-1: Swinging Strike 1-2: Strikes out swinging
|
|
Batting: LHB Keith Rice
|
0-0: Called Strike 0-1: Swinging Strike 0-2: Strikes out swinging
|
|
Batting: RHB Miguel Villanueva
|
0-0: Called Strike 0-1: Called Strike 0-2: Strikes out looking
|
| Bottom of the 2nd over - 0 runs, 0 hits, 0 errors, 0 left on base; Bowie 2 - Portland 0 |
| TOP OF THE 3RD |
|
Bowie Baysox batting - Pitching for Portland Sea Dogs : RHP Su-wu Yang
|
|
Batting: RHB Daniel Jackson
|
0-0: Swinging Strike 0-1: Swinging Strike 0-2: Ball 1-2: Ball 2-2: Strikes out swinging
|
|
Batting: RHB Luke Vaccarino
|
0-0: SINGLE (Groundball, 4D, EV 96.2 MPH)
|
|
Batting: RHB Jonathan Mendoza
|
0-0: Ball 1-0: Ball 2-0: Ball 3-0: Base on Balls Luke Vaccarino to second
|
|
Batting: SHB Chris Wright
|
0-0: Ball 1-0: Called Strike 1-1: Fly out, F8 (Line Drive, 78M, EV 113.1 MPH)
|
|
Batting: RHB Joe Young
|
0-0: Ball 1-0: Ball 2-0: Foul Ball, location: 2F 2-1: Ground out 5-3 (Groundball, 5S, EV 78.8 MPH)
|
| Top of the 3rd over - 0 runs, 1 hit, 0 errors, 2 left on base; Bowie 2 - Portland 0 |
| BOTTOM OF THE 3RD |
|
Portland Sea Dogs batting - Pitching for Bowie Baysox : RHP Nick Hoag
|
|
Batting: RHB Frank Sokolosky
|
0-0: Ball 1-0: SINGLE (Groundball, 4MD, EV 97.5 MPH)
|
|
Batting: LHB Dave Reyes
|
0-0: Called Strike 0-1: Foul Ball, location: 2F 0-2: Ball 1-2: Fielders Choice at 2nd, 3-6 (Groundball, 3S, EV 84.4 MPH)
|
|
Batting: RHB Sal Rivera
|
0-0: Ball Dave Reyes steals 2nd, throwing error, E2 Dave Reyes to third 1-0: Ground out 5-3 (Groundball, 56S, EV 91.2 MPH) Dave Reyes scores
|
|
Batting: RHB Travis Campbell
|
0-0: Called Strike 0-1: Ball 1-1: Fly out, F8 (Flyball, 89M, EV 98.1 MPH)
|
| Bottom of the 3rd over - 1 run, 1 hit, 1 error, 0 left on base; Bowie 2 - Portland 1 |
| TOP OF THE 4TH |
|
Bowie Baysox batting - Pitching for Portland Sea Dogs : RHP Su-wu Yang
|
|
Batting: RHB Josh Hopp
|
0-0: Ball 1-0: Ball 2-0: Ball 3-0: Called Strike 3-1: Base on Balls
|
|
Batting: RHB Wil Ochoa
|
0-0: Ball 1-0: Called Strike Josh Hopp steals 2nd base 1-1: Ball 2-1: Ball 3-1: Foul Ball, location: 2F 3-2: Foul Ball, location: 2F 3-2: Foul Ball, location: 2F 3-2: Fly out, F5 (Popup, 25F, EV 78.8 MPH)
|
|
Batting: RHB Honório Szenes
|
0-0: Ball Josh Hopp steals 3rd base 1-0: Called Strike 1-1: Ball 2-1: Fly out, F9 (Flyball, 89S, EV 81.2 MPH)
|
|
Batting: RHB Alfredo Reguera
|
0-0: Ball 1-0: Ball 2-0: Called Strike 2-1: Foul Ball, location: 2F 2-2: Ball 3-2: Base on Balls
|
|
Batting: RHB Daniel Jackson
|
0-0: Ball 1-0: Ball 2-0: Called Strike 2-1: Ball 3-1: Base on Balls Alfredo Reguera to second
|
|
Batting: RHB Luke Vaccarino
|
0-0: Ball 1-0: Ground out 1-3 (Groundball, 34S, EV 71.9 MPH)
|
| Top of the 4th over - 0 runs, 0 hits, 0 errors, 3 left on base; Bowie 2 - Portland 1 |
| BOTTOM OF THE 4TH |
|
Portland Sea Dogs batting - Pitching for Bowie Baysox : RHP Nick Hoag
|
|
Batting: RHB Tony Nunez
|
0-0: Called Strike 0-1: Ball 1-1: Foul Ball, location: 2F 1-2: Foul Ball, location: 2F 1-2: Ball 2-2: Foul Ball, location: 2F 2-2: SINGLE (Groundball, 5D, EV 98.8 MPH)
|
|
Batting: RHB Ernie Genier
|
0-0: SINGLE (Flyball, 5D, EV 98.1 MPH) Tony Nunez to second
|
|
Batting: RHB Alex Melendez
|
0-0: Called Strike 0-1: Ball 1-1: Grounds into double play, 6-4-3 (Groundball, 6, EV 82.5 MPH) Tony Nunez to third
|
|
Batting: LHB Keith Rice
|
0-0: Fly out, F3 (Popup, 34S, EV 73.8 MPH)
|
| Bottom of the 4th over - 0 runs, 2 hits, 0 errors, 1 left on base; Bowie 2 - Portland 1 |
| TOP OF THE 5TH |
|
Bowie Baysox batting - Pitching for Portland Sea Dogs : RHP Su-wu Yang
|
|
Batting: RHB Jonathan Mendoza
|
0-0: Called Strike 0-1: Swinging Strike 0-2: Ball 1-2: SINGLE (Groundball, 5S, EV 74.4 MPH) (infield hit)
|
|
Pitching: RHP Chris Cory
|
|
|
Batting: SHB Chris Wright
|
0-0: Called Strike 0-1: Ball 1-1: Fly out, F9 (Flyball, 9D, EV 108.8 MPH)
|
|
Batting: RHB Joe Young
|
0-0: Foul Ball, location: 2F 0-1: Ball 1-1: Called Strike 1-2: Ball 2-2: Ball 3-2: Fly out, F7 (Flyball, 7LS, EV 80.0 MPH)
|
|
Batting: RHB Josh Hopp
|
0-0: Called Strike Jonathan Mendoza is caught stealing 2nd base 2-4
|
| Top of the 5th over - 0 runs, 1 hit, 0 errors, 0 left on base; Bowie 2 - Portland 1 |
| BOTTOM OF THE 5TH |
|
Portland Sea Dogs batting - Pitching for Bowie Baysox : RHP Nick Hoag
|
|
Batting: RHB Miguel Villanueva
|
0-0: Ball 1-0: Fly out, F8 (Flyball, 8RXD, EV 91.2 MPH)
|
|
Batting: RHB Frank Sokolosky
|
0-0: Ball 1-0: SOLO HOME RUN (Flyball, 78XD, EV 111.9 MPH), Distance : 426 ft
|
|
Batting: LHB Dave Reyes
|
0-0: Ground out 4-3 (Groundball, 4, EV 98.1 MPH)
|
|
Batting: RHB Sal Rivera
|
0-0: Foul Ball, location: 2F 0-1: Called Strike 0-2: Ground out 4-3 (Groundball, 4, EV 90.6 MPH)
|
| Bottom of the 5th over - 1 run, 1 hit, 0 errors, 0 left on base; Bowie 2 - Portland 2 |
| TOP OF THE 6TH |
|
Bowie Baysox batting - Pitching for Portland Sea Dogs : RHP Chris Cory
|
|
Batting: RHB Josh Hopp
|
0-0: Swinging Strike 0-1: Ball 1-1: Fly out, F8 (Line Drive, 89D, EV 90.0 MPH)
|
|
Batting: RHB Wil Ochoa
|
0-0: Ball 1-0: Foul Ball, location: 2F 1-1: Ball 2-1: Ball 3-1: Foul Ball, location: 2F 3-2: Ground out U3 (Groundball, 34, EV 78.8 MPH)
|
|
Batting: RHB Honório Szenes
|
0-0: Ball 1-0: Ball 2-0: Called Strike 2-1: Foul Ball, location: 2F 2-2: Ball 3-2: Base on Balls
|
|
Batting: RHB Alfredo Reguera
|
0-0: Foul Ball, location: 2F 0-1: Ball 1-1: Ball 2-1: Ground out 5-3 (Groundball, 56S, EV 83.8 MPH)
|
| Top of the 6th over - 0 runs, 0 hits, 0 errors, 1 left on base; Bowie 2 - Portland 2 |
| BOTTOM OF THE 6TH |
|
Portland Sea Dogs batting - Pitching for Bowie Baysox : RHP Nick Hoag
|
|
Batting: RHB Travis Campbell
|
0-0: Called Strike 0-1: Fly out, F9 (Flyball, 9LS, EV 86.9 MPH)
|
|
Batting: RHB Tony Nunez
|
0-0: Ground out 5-3 (Groundball, 56, EV 85.0 MPH)
|
|
Batting: RHB Ernie Genier
|
0-0: Swinging Strike 0-1: Ball 1-1: Swinging Strike 1-2: Foul Ball, location: 2F 1-2: Ground out 5-3 (Groundball, 5, EV 83.8 MPH)
|
| Bottom of the 6th over - 0 runs, 0 hits, 0 errors, 0 left on base; Bowie 2 - Portland 2 |
| TOP OF THE 7TH |
|
Bowie Baysox batting - Pitching for Portland Sea Dogs : RHP Chris Cory
|
|
Batting: RHB Daniel Jackson
|
0-0: Ball 1-0: Foul Ball, location: 2F 1-1: Fly out, F8 (Flyball, 8RM, EV 98.1 MPH)
|
|
Batting: RHB Luke Vaccarino
|
0-0: Ball 1-0: Ball 2-0: Called Strike 2-1: Foul Ball, location: 2F 2-2: Foul Ball, location: 2F 2-2: Ball 3-2: Strikes out swinging
|
|
Batting: RHB Jonathan Mendoza
|
0-0: Foul Ball, location: 2F 0-1: Ball 1-1: Ball 2-1: Called Strike 2-2: Foul Ball, location: 2F 2-2: Ground out U3 (Groundball, 34, EV 80.0 MPH)
|
| Top of the 7th over - 0 runs, 0 hits, 0 errors, 0 left on base; Bowie 2 - Portland 2 |
| BOTTOM OF THE 7TH |
|
Portland Sea Dogs batting - Pitching for Bowie Baysox : RHP Nick Hoag
|
|
Batting: RHB Alex Melendez
|
0-0: Ball 1-0: Called Strike 1-1: Called Strike 1-2: Ball 2-2: Strikes out swinging
|
|
Batting: LHB Keith Rice
|
0-0: Ball 1-0: Ball 2-0: Called Strike 2-1: Called Strike 2-2: Foul Ball, location: 2F 2-2: Ball 3-2: Fly out, F9 (Flyball, 89M, EV 90.0 MPH)
|
|
Batting: RHB Miguel Villanueva
|
0-0: Fly out, F7 (Flyball, 78M, EV 91.9 MPH)
|
| Bottom of the 7th over - 0 runs, 0 hits, 0 errors, 0 left on base; Bowie 2 - Portland 2 |
| TOP OF THE 8TH |
|
Bowie Baysox batting - Pitching for Portland Sea Dogs : RHP Chris Cory
|
|
Pitching: RHP Aaron Brannon
|
|
|
Batting: SHB Chris Wright
|
0-0: Called Strike 0-1: Ball 1-1: Ball 2-1: Foul Ball, location: 2F 2-2: Ball 3-2: Foul Ball, location: 2F 3-2: Base on Balls
|
|
Batting: RHB Joe Young
|
0-0: Bunted foul 0-1: Ball 1-1: Bunt missed! 1-2: Ball 2-2: Ball 3-2: Foul Ball, location: 2F 3-2: Foul Ball, location: 2F 3-2: Fly out, F8 (Line Drive, 78D, EV 93.8 MPH)
|
|
Batting: RHB Josh Hopp
|
0-0: Bunt missed! 0-1: Sac Bunt to 5S - play at first, batter OUT! 5-3 Chris Wright to second
|
|
Batting: RHB Wil Ochoa
|
0-0: Ball 1-0: Foul Ball, location: 2F 1-1: DOUBLE (Flyball, 89D, EV 106.2 MPH) Chris Wright scores
|
|
Batting: RHB Honório Szenes
|
0-0: Ball 1-0: Ball 2-0: Called Strike 2-1: Fly out, F8 (Flyball, 8LM, EV 91.9 MPH)
|
| Top of the 8th over - 1 run, 1 hit, 0 errors, 1 left on base; Bowie 3 - Portland 2 |
| BOTTOM OF THE 8TH |
|
Portland Sea Dogs batting - Pitching for Bowie Baysox : RHP Nick Hoag
|
|
Pitching: RHP Harley Hyde
|
|
|
Pinch Hitting: LHB Julian Toney
|
0-0: Ball 1-0: Ball 2-0: Called Strike 2-1: Called Strike 2-2: Ball 3-2: Ground out 1-3 (Groundball, 34S, EV 71.2 MPH)
|
|
Batting: LHB Dave Reyes
|
0-0: Ball 1-0: Called Strike 1-1: Foul Ball, location: 2F 1-2: Foul Ball, location: 2F 1-2: Foul Ball, location: 2F 1-2: Strikes out looking
|
|
Pinch Hitting: LHB Sergio Tinoco
|
0-0: Foul Ball, location: 2F 0-1: Foul Ball, location: 2F 0-2: Ground out 6-3 (Groundball, 6M, EV 91.9 MPH)
|
| Bottom of the 8th over - 0 runs, 0 hits, 0 errors, 0 left on base; Bowie 3 - Portland 2 |
| TOP OF THE 9TH |
|
Bowie Baysox batting - Pitching for Portland Sea Dogs : RHP Aaron Brannon
|
|
Pitching: RHP Cody Humphries
|
|
|
Now at SS: Miguel Villanueva
|
|
|
Now in LF: Julian Toney
|
|
|
Now in RF: Sergio Tinoco
|
|
|
Batting: RHB Alfredo Reguera
|
0-0: Foul Ball, location: 2F 0-1: Foul Ball, location: 2F 0-2: Strikes out looking
|
|
Batting: RHB Daniel Jackson
|
0-0: Called Strike 0-1: Foul Ball, location: 2F 0-2: Foul Ball, location: 2F 0-2: Ball 1-2: Ball 2-2: Strikes out swinging
|
|
Batting: RHB Luke Vaccarino
|
0-0: Called Strike 0-1: Ball 1-1: Foul Ball, location: 2F 1-2: Ball 2-2: Ball 3-2: Foul Ball, location: 2F 3-2: SINGLE (Line Drive, 7LS, EV 102.5 MPH)
|
|
Batting: RHB Jonathan Mendoza
|
0-0: Foul Ball, location: 2F 0-1: Ball 1-1: Ball 2-1: Ball Luke Vaccarino is caught stealing 2nd base 2-4
|
| Top of the 9th over - 0 runs, 1 hit, 0 errors, 0 left on base; Bowie 3 - Portland 2 |
| BOTTOM OF THE 9TH |
|
Portland Sea Dogs batting - Pitching for Bowie Baysox : RHP Harley Hyde
|
|
Pitching: RHP Manny Rolfe
|
|
|
Batting: RHB Travis Campbell
|
0-0: Called Strike 0-1: Called Strike 0-2: Foul Ball, location: 2F 0-2: Ball 1-2: Ball 2-2: Foul Ball, location: 2F 2-2: Foul Ball, location: 2F 2-2: Ball 3-2: Ground out 4-3 (Groundball, 4, EV 101.2 MPH)
|
|
Batting: RHB Tony Nunez
|
0-0: Ball 1-0: Ball 2-0: Fly out, F7 (Flyball, 7S, EV 86.9 MPH)
|
|
Batting: RHB Ernie Genier
|
0-0: SINGLE (Line Drive, 9LM, EV 106.2 MPH)
|
|
Batting: RHB Alex Melendez
|
0-0: Ball 1-0: Called Strike 1-1: Foul Ball, location: 2F 1-2: Fielders Choice at 2nd, 6-4 (Groundball, 6, EV 80.6 MPH)
|
| Bottom of the 9th over - 0 runs, 1 hit, 0 errors, 1 left on base; Bowie 3 - Portland 2 |
|